 Dungeon Crawl Stone Soup version 0.31.0-11-ge490571c62 (webtiles) character file.

Game seed: 5092249171388630805

912 Rassilon the Insei (level 7, -1/84 HPs)
             Began as a Demonspawn Monk on Feb 2, 2024.
             Was a Believer of Wu Jian.
             Slain by a vampire (9 damage)
             ... on level 5 of the Dungeon.
             The game lasted 00:14:29 (4024 turns).

Rassilon the Insei (Demonspawn Monk)                Turns: 4024, Time: 00:14:29

Health: -1/84      AC:  6    Str: 14    XL:     7   Next: 82%
Magic:  7/7        EV: 14    Int: 10    God:    Wu Jian [**....]
Gold:   330        SH:  4    Dex: 15    Spells: 6/6 levels left

rFire   . .          .
                       - Unarmed
rCold   . . .        (no shield)
rNeg    . . .        a - +0 robe
rPois   .            (no helmet)
rElec   .            g - scarf {harm}
rCorr   .            (gloves unavailable)
SInv    .            (no boots)
Will    ++...        (no amulet) Stlth
                     w - ring of willpower
HPRegen 0.34/turn    (no ring)
MPRegen 0.10/turn

%: harm (+30% outgoing, +20% incoming)
@: brilliant, berserking (expiring), attractive, enlightened, flying, very quick
A: icemail 1, condensation shield, demonic touch 3
a: Renounce Religion, Wall Jump


You were on level 5 of the Dungeon.
You worshipped Wu Jian.
Wu Jian was pleased with you.
You visited 2 branches of the dungeon, and saw 6 of its levels.

You collected 330 gold pieces.

Inventory:

Missiles
 o - 8 poisoned darts (quivered)
Armour
 a - a +0 robe (worn)
 c - an orb of light
 g - a scarf of harm (worn)
 n - a +0 pair of gloves
Jewellery
 w - a ring of willpower (left hand)
Wands
 k - a wand of digging (3)
 t - a wand of flame (19)
Scrolls
 e - a scroll of blinking {unknown}
 f - a scroll of revelation {unknown}
 h - 4 scrolls of teleportation {unknown}
 i - 3 scrolls of poison {unknown}
 j - a scroll of immolation {unknown}
 q - 2 scrolls of enchant weapon {unknown}
 r - 4 scrolls of fear {unknown}
 s - 2 scrolls of identify {unknown}
 v - a scroll of noise {unknown}
 x - a scroll of fog {unknown}
 y - a scroll of vulnerability {unknown}
 z - a scroll of butterflies {unknown}
Potions
 b - a potion of ambrosia
 d - a potion of attraction
 m - a potion of enlightenment
 p - a potion of curing
 u - 2 potions of brilliance


   Skills:
 + Level 5.3 Fighting
 + Level 4.8 Dodging
 * Level 6.4 Unarmed Combat


You had 6 spell levels left.
You didn't know any spells.
Your spell library contained the following spells:

 Spells                   Type           Power      Damage    Failure   Level
 Scorch                   Fire           0%         2d5       50%         2
 Static Discharge         Conj/Air       0%         3-3/arc   50%         2
 Gell's Gravitas          Tloc           0%         N/A       75%         3
 Teleport Other           Tloc           0%         N/A       75%         3
 Airstrike                Air            0%         2d(0-16)  98%         4
 Flame Wave               Conj/Fire      0%         2d4       98%         4
 Summon Lightning Spire   Summ/Air       0%         N/A       98%         4
 Dispersal                Tloc           0%         N/A       100%        6
 Summon Cactus Giant      Summ           0%         N/A       100%        6


Dungeon Overview and Level Annotations

Branches:
Dungeon (5/15)             Temple (1/1) D:4

Altars:
Cheibriados
Gozag
Hepliaklqana
Nemelex Xobeh
Qazlal
Sif Muna
Trog
Uskayaw
Vehumet
Wu Jian
Xom
Yredelemnul

Shops:
D:1 ?


Innate Abilities, Weirdness & Mutations

A meltable icy envelope protects you from harm. (AC +4)
A meltable shield of frost defends you. (SH +4)
Your touch may irresistibly damage your foes and sap their willpower.


Message History

The vampire casts a spell.
The vampire flickers and vanishes!
Deactivating autopickup; reactivate with Ctrl-A.
It was a potion of enlightenment.
You feel very buoyant.
You fly up into the air.
Something hits you!
* * * LOW HITPOINT WARNING * * *
Something barely misses you.
You hit something but do no damage. Your punch misses something.
Something hits you but does no damage. Something bites you but does no damage.
You hit something but do no damage. Something hits you.
* * * LOW HITPOINT WARNING * * *
Something bites you.
* * * LOW HITPOINT WARNING * * *
Something draws strength from your injuries!
It was a potion of curing.
You feel better. Something hits you but does no damage.
Something barely misses you.
It was a potion of brilliance.
You feel clever all of a sudden. Something completely misses you.
Something bites you.
* * * LOW HITPOINT WARNING * * *
Something draws strength from your injuries!
It was a potion of berserk rage.
A red film seems to cover your vision as you go berserk!
You feel yourself moving faster!
You feel mighty! Something hits you but does no damage.
Something completely misses you.
You completely miss something. Something hits you!
* * * LOW HITPOINT WARNING * * *
Something bites you but does no damage.
You barely miss something. You punch something!
You touch something!
You sap its willpower!
Something hits you.
* * * LOW HITPOINT WARNING * * *
Something bites you.
* * * LOW HITPOINT WARNING * * *
Something draws strength from your injuries!
You miss something. Your touch misses something. Something hits you.
* * * LOW HITPOINT WARNING * * *
Something bites you!
You die...

.## #.## ##.####......# #..#
..###..#### ##.###....##. #..#
##........## ##.......##.. ##..
##........####.......... #... #
#...###.......#......... #...
###..........#####........###..##
.##.........## #............# #
...########)# ##{.#.........# ##
.(## #.# ##@####........###. .##
#.###.## ##.##....#.. ##
###.##.## #####..... #####......#
##...# # ##...#####..#######
#.... ####..### #........# #†...
..##..# ##........ #..<. ...#..##
##........ ##.... >.###..##
###.......[# #....#


There were no monsters in sight!

Vanquished Creatures
  Sigmund (D:5)
  2 water moccasins (D:5)
  A scorpion (D:5)
  2 hounds (D:4)
  2 iguanas
  4 orc wizards (D:4)
  A sleepcap (D:5)
  5 adders
  8 gnolls
  2 ufetubi (D:4)
  3 dart slugs
  A ribbon worm (D:4)
  5 orcs
  13 ball pythons
  8 endoplasms
  4 giant cockroaches
  7 goblins
  6 hobgoblins
  6 jackals
  4 quokkas
  9 bats
  2 frilled lizards
  4 kobolds
  6 rats
106 creatures vanquished.

Notes
Turn   | Place    | Note
-------+----------+-------------------------------------------
     0 | D:1      | Rassilon the Demonspawn Monk began the quest for the Orb.
     0 | D:1      | Reached XP level 1. HP: 18/18 MP: 1/1
   146 | D:1      | Reached skill level 3 in Unarmed Combat
   172 | D:1      | Found Vidaguho's Magic Scroll Shoppe.
   205 | D:1      | Gained mutation: A meltable shield of frost defends you.
                  | (SH +4) [demonic ancestry]
   205 | D:1      | Reached XP level 2. HP: 24/24 MP: 2/2
   520 | D:1      | Gained mutation: Your touch may inflict minor irresistible
                  | damage on your foes. [demonic ancestry]
   520 | D:1      | Reached XP level 3. HP: 26/29 MP: 3/3
   869 | D:2      | Found a radiant altar of Vehumet.
   887 | D:2      | Gained mutation: Your touch may inflict irresistible damage
                  | on your foes. [demonic ancestry]
   887 | D:2      | Reached XP level 4. HP: 25/35 MP: 4/4
  1457 | D:3      | Reached skill level 4 in Unarmed Combat
  1743 | D:3      | Reached XP level 5. HP: 42/42 MP: 5/5
  2115 | D:4      | Found an opulent altar of Gozag.
  2322 | D:4      | Identified the +3 trident "Zoffifew" {freeze, rPois Will+
                  | Str+3 Int-2}
  2554 | D:4      | Gained mutation: A meltable icy envelope protects you from
                  | harm. (AC +4) [demonic ancestry]
  2554 | D:4      | Reached XP level 6. HP: 39/48 MP: 6/6
  2649 | D:4      | Found a shimmering blue altar of Sif Muna.
  2661 | D:4      | Reached skill level 5 in Unarmed Combat
  2881 | D:4      | Identified the +0 ring mail of Ycwaaps {Will+}
  3082 | D:4      | Found a staircase to the Ecumenical Temple.
  3091 | Temple   | Entered the Ecumenical Temple
  3105 | Temple   | Became a worshipper of the Wu Jian Council
  3105 | Temple   | Reached * piety under Wu Jian
  3105 | Temple   | Reached ** piety under Wu Jian
  3180 | D:4      | Found a stormy altar of Qazlal.
  3513 | D:5      | Entered Level 5 of the Dungeon
  3513 | D:5      | Noticed a water moccasin
  3519 | D:5      | Killed a water moccasin
  3520 | D:5      | Gained mutation: Your touch may irresistibly damage your
                  | foes and sap their willpower. [demonic ancestry]
  3520 | D:5      | Reached XP level 7. HP: 52/55 MP: 7/7
  3635 | D:5      | Reached skill level 5 in Fighting
  3635 | D:5      | Reached skill level 6 in Unarmed Combat
  3707 | D:5      | Noticed Sigmund
  3717 | D:5      | Killed Sigmund
  3993 | D:5      | Noticed a vampire
  4024 | D:5      | Slain by a vampire

Illustrated notes

Levels and vault maps discovered:
D:1:      matt_arrival_refuge, layout_rooms, serial_shops,
          nicolae_shop_tiny_glass, chequers_decorated_corner
D:2:      layout_basic, basic_altar
D:3:      layout_rooms, kennysheep_nondescript, minmay_diced_spiral
D:4:      layout_basic, mainiacjoe_overflow_surrounded_room,
          nicolae_gozag_cash_rules_everything_around_me,
          kennysheep_orc_sif_temple, lemuel_temple_firewalk_a,
          hangedman_decor_riveting
D:5:      layout_layer_cave, kennysheep_mini_moat, serial_shops, shop,
          uniq_edmund, uniq_sigmund, uniq_eustachio
Temple:   hellmonk_temple_flake

Skill      XL: |  1  2  3  4  5  6  7 |
---------------+----------------------+-----
Unarmed Combat | 3 4 5 6 |  6.4
Dodging        | 3 4 |  4.8
Fighting       | 4 5 |  5.3

Action                     |  1- 3 |  4- 6 |  7- 9 || total
---------------------------+-------+-------+-------++-------
  Melee: Unarmed           |   109 |   163 |    43 ||   315
         Touch             |       |    28 |     8 ||    36
         Punch             |       |     3 |     2 ||     5
  Throw: Dart              |       |     2 |       ||     2
Ability: Lunge             |       |       |     1 ||     1
  Evoke: Wand              |       |       |     4 ||     4
    Use: Potion            |       |       |     8 ||     8
   Stab: Sleeping          |       |     3 |     1 ||     4
 Armour: Robe              |    57 |    69 |    36 ||   162
  Dodge: Dodged            |    67 |    98 |    29 ||   194
  Block: Other             |       |    18 |     3 ||    21
